 Dungeon Crawl Stone Soup version 0.28.0-53-g5a82cb258f (webtiles) character file.

Game seed: 194045858402850147

115273 cbfl8 the Executioner (level 16, -3/150 HPs)
             Began as a Minotaur Berserker on Sept 20, 2022.
             Was a High Priest of Trog.
             Slain by a goliath frog (10 damage)
             ... on level 3 of the Swamp.
             The game lasted 00:39:43 (38619 turns).

cbfl8 the Executioner (Minotaur Berserker)         Turns: 38619, Time: 00:39:43

Health: -3/150     AC: 15    Str: 28    XL:     16   Next: 18%
Magic:  15/15      EV: 14    Int:  4    God:    Trog [*****.]
Gold:   3006       SH:  5    Dex: 18    Spells: 15/15 levels left

rFire   . . .      SeeInvis .   D - +3 executioner's axe (venom)
rCold   . . .      Faith    .   (shield currently unavailable)
rNeg    . . .      Spirit   .   E - +0 plate armour
rPois   .          Reflect  +   (helmet restricted)
rElec   .          Harm     .   L - +1 cloak
rCorr   .          Rampage  .   g - +0 pair of gloves
Will    +....                   J - +2 pair of boots
Stlth   ..........              M - amulet of reflection
HPRegen 0.35/turn               o - +6 ring of strength
MPRegen 0.14/turn               a - +4 ring of slaying

@: corroded, on berserk cooldown, slowed, very slow
A: horns 2, retaliatory headbutt
a: Renounce Religion, Berserk, Trog's Hand, Brothers in Arms


You were on level 3 of the Swamp.
You worshipped Trog.
Trog was extremely pleased with you.
You visited 4 branches of the dungeon, and saw 26 of its levels.
You also visited: Sewer.

You collected 3006 gold pieces.

Inventory:

Hand Weapons
 D - a +3 executioner's axe of venom (weapon)
Missiles
 t - 5 throwing nets
Armour
 g - a +0 pair of gloves (worn)
 E - a +0 plate armour (worn)
 J - a +2 pair of boots (worn)
 L - a +1 cloak (worn)
Jewellery
 a - a +4 ring of slaying (right hand)
 o - a +6 ring of strength (left hand)
 r - a +4 ring of protection
 w - a ring of protection from fire
 M - an amulet of reflection (around neck)
 N - a ring of see invisible
 O - a +4 ring of evasion
 P - a ring of flight
 V - a +6 ring of dexterity
Wands
 m - a wand of mindburst (9)
 y - a wand of flame (31)
 F - a wand of polymorph (8)
 H - a wand of digging (4)
 K - a wand of iceblast (2)
 T - a wand of paralysis (13) (quivered)
 U - a wand of charming (3)
Scrolls
 c - a scroll of noise
 i - 3 scrolls of fear
 j - 3 scrolls of enchant weapon
 n - 5 scrolls of fog
 p - 9 scrolls of teleportation
 v - 4 scrolls of magic mapping
 x - 2 scrolls of brand weapon
 z - 5 scrolls of silence
 A - 5 scrolls of enchant armour
 C - 4 scrolls of immolation
 R - 2 scrolls of blinking
Potions
 b - a potion of heal wounds
 d - 19 potions of ambrosia
 f - 3 potions of invisibility
 h - 10 potions of curing
 k - 4 potions of cancellation
 u - 2 potions of mutation
 B - 2 potions of might {unknown}
 G - a potion of berserk rage
 I - 2 potions of attraction {unknown}
 Q - 6 potions of lignification
 S - a potion of flight {unknown}
Miscellaneous
 e - a box of beasts
 l - a tin of tremorstones (2/2)
 q - a piece from Xom's chessboard (15/15)


   Skills:
 * Level 15.7 Fighting
 * Level 22.8 Axes
 + Level 13.5 Armour
 * Level 11.7 Dodging
 + Level 2.5 Stealth
 + Level 0.5 Shields
 * Level 9.1 Evocations


You had 15 spell levels left.
You didn't know any spells.
Your spell library was empty.

Dungeon Overview and Level Annotations

Branches:
Dungeon (15/15)            Temple (0/1) D:5            Lair (6/6) D:11
  Swamp (3/4) Lair:3        Snake (0/4) Lair:4        Slime (0/5) Lair:5
    Orc (2/2) D:9             Elf (0/3) Orc:2        Vaults (0/5) D:13
 Depths (0/4) D:15          Sewer (visited)

Altars:
Cheibriados
Dithmenos
Kikubaaqudgha
Okawaru
Trog
Vehumet
Xom
Beogh
Jiyva

Shops:
D:4 [   D:13 *   Orc:2 :!![

Annotations:
Lair:1 2 transporters, turdburglar's ghost, journeyman DrFE


Innate Abilities, Weirdness & Mutations

You have a pair of horns on your head.
You reflexively headbutt those who attack you in melee.


Message History

Your unstable footing causes you to fumble your attack.
The goliath frog hits you but does no damage.
The eleionoma hits you.
* * * LOW HITPOINT WARNING * * *
Unknown command.
Your unstable footing causes you to fumble your attack.
You block the goliath frog's attack.
Your unstable footing causes you to fumble your attack.
The goliath frog hits you!
* * * LOW HITPOINT WARNING * * *
The acid corrodes you!
You are splashed with acid!
* * * LOW HITPOINT WARNING * * *
You block the goliath frog's attack. The eleionoma hits you!
* * * LOW HITPOINT WARNING * * *
Your unstable footing causes you to fumble your attack.
You block the goliath frog's attack.
Your unstable footing causes you to fumble your attack.
The goliath frog misses you.
The eleionoma hits you but does no damage.
The goliath frog hits you from afar.
* * * LOW HITPOINT WARNING * * *
You are splashed with acid!
* * * LOW HITPOINT WARNING * * *
The goliath frog hits you but does no damage.
The goliath frog barely misses you.
You see here a swamp worm corpse.
You feel a strong urge to attack something.
You are no longer berserk.
You are exhausted.
You feel yourself slow down.
You feel much better.
The swamp worm fires a harpoon shot at you.
The harpoon shot misses you. The goliath frog closely misses you.
The goliath frog hits you but does no damage. x2
You feel much better. You block the goliath frog's attack.
The eleionoma hurls a spray of splinters at you.
The spray of wooden splinters hits you!!!
* * * LOW HITPOINT WARNING * * *
The goliath frog closely misses you. The goliath frog hits you from afar!
You die...

≈.♣♣♣♣ .≈ ...♣
.≈≈..♣♣ .. ≈..♣
♣≈.♣≈≈♣ ≈ ...
.≈†≈≈♣♣ .♣≈≈♣♣
♣.≈≈≈≈♣♣♣ ♣♣
♣♣♣≈≈≈≈♣ ...≈≈≈≈.♣
♣.♣♣≈..†≈.♣
.≈<≈..≈♣♣
♣...F≈F..♣ ≈≈≈>≈.♣♣
♣♣≈≈wR...♣ ≈≈≈≈≈≈≈♣
♣♣.≈@≈..♣ ≈≈≈.≈≈♣♣
♣≈.§.≈≈♣♣ ≈≈≈≈≈.♣
♣≈....!.♣♣♣ ≈...≈≈♣
♣♣....≈.≈≈♣
≈>.÷)≈♣♣
♣♣♣/≈≈≈.♣♣♣
≈..≈..[♣♣
♣♣♣.†.≈...♣
≈≈≈≈....♣
♣♣.≈≈...♣♣.♣
≈≈≈≈÷.<.♣♣♣≈≈÷≈♣♣♣♣
♣♣ ≈≈≈...≈..♣§≈.♣♣♣


You could see an eleionoma (very poisoned), 2 goliath frogs and a swamp worm.

Vanquished Creatures
  A tentacled monstrosity (Swamp:1)
  Frances (Swamp:2)
  A fenstrider witch (Swamp:2)
  2 eleionomae
  Snorg (Lair:6)
  Fannar (Orc:1)
  3 fire dragons
  21 hydras
  A catoblepas (D:14)
  3 boulder beetles
  A ghost crab (Swamp:3)
  3 ogre magi
  Erolcha (Orc:1)
  Erica (Lair:1)
  6 centaur warriors
  3 alligators
  11 two-headed ogres
  11 death yaks (Lair:6)
  Nergalle (Lair:1)
  Sonja (D:12)
  5 spriggans
  A skeletal warrior (D:13)
  2 goliath frogs
  5 bog bodies
  2 lindwurms
  2 swamp dragons
  2 deep elf pyromancers
  Pikel (D:6)
  3 orc knights
  2 ugly things
  2 wolf spiders (Lair:6)
  A will-o-the-wisp (Swamp:1)
  8 orc sorcerers (Orc:2)
  3 manticores
  12 black mambas
  A guardian serpent (Lair:6)
  10 elephants
  14 cane toads
  4 rime drakes
  A kobold demonologist (D:13)
  A gargoyle (D:10)
  9 komodo dragons
  3 efreet
  2 freezing wraiths (D:15)
  A queen bee (shapeshifter) (D:14)
  6 meliai
  Prince Ribbit (D:6)
  A queen bee (D:13)
  6 trolls
  10 hornets
  5 polar bears
  7 slime creatures
  2 tyrant leeches
  17 blink frogs
  A meliai zombie (D:11)
  A centaur simulacrum (D:15)
  2 vampires (D:11)
  A hog (shapeshifter) (D:13)
  3 wraiths
  4 basilisks
  2 chaos spawn (D:9)
  10 wyverns (Lair:6)
  19 yaks
  Grum (D:8)
  4 redbacks (Lair:6)
  8 vampire mosquitoes
  Edmund (D:6)
  3 steam dragons
  An acid dragon (D:9)
  20 water moccasins
  16 swamp worms
  3 swamp drakes (Lair:6)
  A black bear (Lair:1)
  A sky beast (D:7)
  21 orc warriors
  13 ogres
  32 wolves
  6 centaurs
  A phantom (D:6)
  4 kobold brigands
  11 bullfrogs
  2 gnoll sergeants
  3 scorpions
  26 killer bees
  7 wights
  5 howler monkeys
  A lava snake (D:9)
  3 centaur zombies
  5 hounds
  Crazy Yiuf (D:6)
  A gnoll shaman (D:9)
  A jelly (D:5)
  5 centaur skeletons
  12 orc priests
  6 iguanas
  25 orc wizards
  A killer bee zombie (D:9)
  2 hound skeletons (D:4)
  13 gnolls
  20 adders
  A river rat (D:3)
  A white imp (D:7)
  2 worms
  4 dart slugs
  63 orcs
  5 bats
  12 endoplasms
  12 giant cockroaches
  18 goblins
  4 hobgoblins
  11 jackals
  6 quokkas
  16 ball pythons
  11 frilled lizards
  A jackal skeleton (D:4)
  13 kobolds
  7 rats
742 creatures vanquished.

Vanquished Creatures (others)
  2 bloated husks
  A tyrant leech (Swamp:2)
  5 bushes (D:9)
  6 foxfires (Swamp:1)
  56 fungi
  117 plants
187 creatures vanquished.

Grand Total: 929 creatures vanquished

Notes
Turn   | Place    | Note
-------+----------+-------------------------------------------
     0 | D:1      | cbfl8 the Minotaur Berserker began the quest for the Orb.
     0 | D:1      | Reached XP level 1. HP: 19/19 MP: 0/0
   186 | D:1      | Found a faded altar of an unknown god.
   212 | D:1      | Reached skill level 4 in Axes
   212 | D:1      | Reached XP level 2. HP: 20/27 MP: 1/1
   760 | D:1      | Reached ** piety under Trog
   761 | D:1      | Reached XP level 3. HP: 33/33 MP: 2/2
  1097 | D:2      | Reached XP level 4. HP: 12/41 MP: 3/3
  1102 | D:2      | HP: 1/41 [frozen (4)]
  1684 | D:2      | Reached skill level 5 in Axes
  2417 | D:2      | Reached XP level 5. HP: 47/47 MP: 4/4
  2860 | D:3      | Reached skill level 5 in Fighting
  2873 | D:3      | Reached *** piety under Trog
  3076 | D:3      | Found a glowing drain.
  3083 | Sewer    | Entered a sewer
  3448 | Sewer    | Reached skill level 1 in Evocations
  3448 | Sewer    | Reached XP level 6. HP: 47/56 MP: 5/5
  3508 | Sewer    | Reached skill level 1 in Stealth
  3574 | Sewer    | Identified the +8 quarterstaff of Awkwardness {freeze,
                  | Int+5}
  3925 | D:3      | Reached skill level 6 in Axes
  4416 | D:4      | Found Ygisk's Armour Boutique.
  4418 | D:4      | Reached **** piety under Trog
  4464 | D:4      | Reached XP level 7. HP: 62/62 MP: 6/6
  4779 | D:5      | Entered Level 5 of the Dungeon
  4900 | D:5      | Found a staircase to the Ecumenical Temple.
  4915 | D:5      | Reached skill level 7 in Axes
  5797 | D:5      | Reached XP level 8. HP: 48/71 MP: 7/7
  6419 | D:5      | Reached skill level 8 in Axes
  7523 | D:6      | Reached skill level 5 in Armour
  7764 | D:6      | Noticed Pikel
  7772 | D:6      | Killed Pikel
  7773 | D:6      | Reached skill level 9 in Axes
  7773 | D:6      | Reached skill level 5 in Dodging
  7782 | D:6      | Found a runed translucent door.
  7783 | D:6      | Noticed Crazy Yiuf
  7805 | D:6      | Noticed Edmund
  7820 | D:6      | Reached XP level 9. HP: 71/79 MP: 8/8
  7820 | D:6      | Killed Edmund
  7897 | D:6      | Noticed Prince Ribbit
  7913 | D:6      | Killed Prince Ribbit
  8273 | D:6      | Found a snail-covered altar of Cheibriados.
  8275 | D:6      | Found a shadowy altar of Dithmenos.
  8548 | D:6      | Killed Crazy Yiuf
  8549 | D:6      | Reached skill level 10 in Axes
  9075 | D:7      | Found a shimmering altar of Xom.
  9757 | D:8      | Reached ***** piety under Trog
 10431 | D:8      | Reached skill level 11 in Axes
 10433 | D:8      | Noticed Grum
 10445 | D:8      | Killed Grum
 10447 | D:8      | Reached XP level 10. HP: 67/88 MP: 9/9
 11119 | D:9      | Found the +7 mace of Variability {chain chaos}
 11137 | D:9      | Found a shimmering altar of Xom.
 11140 | D:9      | Noticed a two-headed ogre
 11148 | D:9      | Killed a two-headed ogre
 11309 | D:9      | Found a staircase to the Orcish Mines.
 11354 | D:9      | Received a gift from Trog
 11364 | D:9      | Reached skill level 12 in Axes
 11729 | D:9      | Paralysed by a hornet for 3 turns
 12002 | D:9      | Noticed a two-headed ogre
 12008 | D:9      | Killed a two-headed ogre
 12246 | D:10     | Entered Level 10 of the Dungeon
 12287 | D:10     | Reached skill level 13 in Axes
 12550 | D:10     | Noticed a gargoyle
 12556 | D:10     | Killed a gargoyle
 12705 | D:10     | Reached XP level 11. HP: 88/97 MP: 10/10
 12764 | D:10     | Found an iron altar of Okawaru.
 13000 | D:11     | Noticed a two-headed ogre
 13001 | D:11     | Noticed a brown ugly thing
 13006 | D:11     | Killed a brown ugly thing
 13007 | D:11     | Reached skill level 5 in Evocations
 13007 | D:11     | Killed a two-headed ogre
 13210 | D:11     | Reached skill level 14 in Axes
 13466 | D:11     | Noticed a two-headed ogre
 13471 | D:11     | Killed a two-headed ogre
 13934 | D:11     | Noticed a seven-headed hydra
 13944 | D:11     | Killed a ten-headed hydra
 14738 | D:11     | Found a bloodstained altar of Trog.
 14862 | D:11     | Found a staircase to the Lair.
 14866 | D:11     | Noticed a boulder beetle
 14883 | D:11     | Killed a boulder beetle
 14884 | D:11     | Reached skill level 10 in Fighting
 15215 | D:12     | Noticed a centaur warrior
 15223 | D:12     | Killed a centaur warrior
 15233 | D:12     | Noticed a two-headed ogre
 15238 | D:12     | Killed a two-headed ogre
 15239 | D:12     | Reached skill level 15 in Axes
 15402 | D:12     | Noticed Sonja
 15410 | D:12     | Killed Sonja
 15962 | D:12     | Noticed a deep elf pyromancer
 15966 | D:12     | Killed a deep elf pyromancer
 16043 | D:12     | Noticed a boulder beetle
 16048 | D:12     | Killed a boulder beetle
 16049 | D:12     | Reached XP level 12. HP: 63/107 MP: 11/11
 16565 | D:11     | Reached skill level 10 in Armour
 16957 | D:12     | Noticed a seven-headed hydra
 16959 | D:12     | Noticed a seven-headed hydra
 16963 | D:12     | Killed a nine-headed hydra
 16970 | D:12     | Killed a nine-headed hydra
 17255 | D:12     | Noticed a two-headed ogre
 17259 | D:12     | Killed a two-headed ogre
 17962 | D:13     | Noticed a two-headed ogre
 17962 | D:13     | Found Fuosh's General Store.
 17965 | D:13     | Killed a two-headed ogre
 17966 | D:13     | Reached skill level 16 in Axes
 18015 | D:13     | Identified the -1 helmet of Rationality {Str+4 Dex+2
                  | Slay-3}
 18477 | D:13     | Noticed an ogre mage
 18478 | D:13     | Noticed a two-headed ogre
 18622 | D:13     | Identified the +5 flail of Vieqeraej {flame, rPois rF+ rC+
                  | Will-}
 18833 | D:13     | Noticed a centaur warrior
 18841 | D:13     | Killed a centaur warrior
 19652 | D:13     | Noticed a two-headed ogre
 19664 | D:13     | Killed a two-headed ogre
 19698 | D:13     | Noticed a two-headed ogre
 19719 | D:13     | Killed a two-headed ogre
 19720 | D:13     | Reached skill level 17 in Axes
 19728 | D:13     | Killed an ogre mage
 20044 | D:13     | Reached XP level 13. HP: 87/116 MP: 12/12
 20306 | D:13     | Found a gate to the Vaults.
 21067 | D:14     | Received a gift from Trog
 21247 | D:15     | Entered Level 15 of the Dungeon
 21683 | D:15     | Reached skill level 18 in Axes
 23157 | D:15     | Noticed a fire dragon
 23158 | D:15     | Noticed a fire dragon
 23166 | D:15     | Killed a fire dragon
 23170 | D:15     | Killed a fire dragon
 23286 | D:15     | Found a staircase to the Depths.
 23459 | Lair:1   | Entered Level 1 of the Lair of Beasts
 23521 | Lair:1   | Found a transporter.
 23528 | Lair:1   | Found a transporter.
 23538 | Lair:1   | Noticed Erica
 23544 | Lair:1   | Killed Erica
 23669 | Lair:1   | Noticed Nergalle
 23678 | Lair:1   | Killed Nergalle
 23931 | Lair:1   | You fall into a shaft and drop 1 floor!
 24783 | Lair:1   | Noticed turdburglar's ghost (journeyman DrFE)
 25120 | Lair:3   | Reached skill level 19 in Axes
 25307 | Lair:3   | Reached XP level 14. HP: 127/127 MP: 13/13
 26534 | Lair:3   | Found a staircase to the Swamp.
 26675 | Lair:4   | Reached skill level 10 in Dodging
 27480 | Lair:4   | Found a staircase to the Snake Pit.
 28256 | Lair:5   | Reached skill level 20 in Axes
 28818 | Lair:5   | Found a staircase to the Slime Pits.
 28818 | Lair:5   | Found a viscous altar of Jiyva.
 29129 | Lair:6   | Entered Level 6 of the Lair of Beasts
 29151 | Lair:6   | Noticed Snorg
 29160 | Lair:6   | Killed Snorg
 29432 | Lair:6   | Received a gift from Trog
 30120 | Lair:6   | Reached skill level 21 in Axes
 30120 | Lair:6   | Reached XP level 15. HP: 101/138 MP: 14/14
 31481 | Lair:6   | Received a gift from Trog
 31864 | Orc:1    | Entered Level 1 of the Orcish Mines
 31864 | Orc:1    | Noticed Erolcha
 31868 | Orc:1    | Killed Erolcha
 31869 | Orc:1    | Noticed Fannar
 31897 | Orc:1    | Killed Fannar
 32720 | Orc:2    | Entered Level 2 of the Orcish Mines
 32720 | Orc:2    | Found a staircase to the Elven Halls.
 32839 | Orc:2    | Received a gift from Trog
 32844 | Orc:2    | Reached skill level 22 in Axes
 33354 | Orc:2    | Reached ****** piety under Trog
 33414 | Orc:2    | Found Telustroa's Book Emporium.
 33444 | Orc:2    | Found a radiant altar of Vehumet.
 33451 | Orc:2    | Paralysed by an ogre mage for 7 turns
 33567 | Orc:2    | Found an ancient bone altar of Kikubaaqudgha.
 33711 | Orc:2    | Found Zetyag's Distillery.
 33754 | Orc:2    | Found Koet's Antique Armour Shoppe.
 34120 | Orc:2    | Found Xukkutis's Distillery.
 34649 | Swamp:1  | Entered Level 1 of the Swamp
 34681 | Swamp:1  | Identified the +6 scythe of Popular Demand {vorpal, Str+2}
 34810 | Swamp:1  | Reached skill level 15 in Fighting
 35213 | Swamp:1  | Identified the ring "Cithryike" {*Slow Will+ Int+6}
 35752 | Swamp:1  | Noticed a tentacled monstrosity
 35759 | Swamp:1  | Killed a tentacled monstrosity
 36198 | Swamp:2  | Noticed a fenstrider witch
 36209 | Swamp:2  | Killed a fenstrider witch
 36432 | Swamp:2  | Noticed Frances
 36446 | Swamp:2  | Killed Frances
 37184 | Swamp:2  | Reached XP level 16. HP: 128/149 MP: 15/15
 37529 | Swamp:2  | Received a gift from Trog
 38616 | Swamp:3  | HP: 10/225 [goliath frog (3)]
 38616 | Swamp:3  | HP: 3/225 [acid (7)]
 38619 | Swamp:3  | Slain by a goliath frog

Illustrated notes

Levels and vault maps discovered:
D:1:      wander_arrival_chamber, layout_loops_ring,
          ebering_ecumenical_altar_mist
D:2:      cheibrodos_old_hovel, layout_loops_cross, minmay_quantized
D:3:      layout_rooms, gup_sewer_entry_bubbles
D:4:      layout_rooms, serial_shops, nicolae_shop_statue_plus,
          minmay_misc_feat_enclosed, nrook_uturn, st_stairs_10,
          grunt_ministairs_2
D:5:      layout_basic, minmay_temple_entry_junction, minmay_ogre_servants
D:6:      layout_gridville, nicolae_overflow_hidden_temple, uniq_pikel,
          uniq_crazy_yiuf_cottage, uniq_prince_ribbit1, uniq_edmund
D:7:      layout_basic, xom_teletrap_fun, st_stairs_12
D:8:      layout_loops_corners, uniq_grum
D:9:      layout_loops_ring, orc_0_dummy, kennysheep_big_empty_room,
          minmay_hedge_maze, chequers_avenue, minmay_guarded_unrand_variability
D:10:     layout_loops_ring, nicolae_overflow_crystal_walls
D:11:     layout_basic, lair_entry_dummy, trog_ov_bears_minmay
D:12:     layout_loops_corners, chequers_serial_rivers_micro_a,
          minmay_fractal_squares_gapless_7, uniq_sonja
D:13:     layout_roguey [special_room_bee],
          hangedman_vaults_entry_quadrant_bands, serial_shops,
          nicolae_stop_n_shop_1, minivault_19
D:14:     layout_roguey, kennysheep_small_spiral, hangedman_decor_diamond_cutter
D:15:     grunt_enter_depths_hoard, layout_basic
Lair:1:   layout_roguey, gammafunk_ghost_hive, grunt_megastairs_4,
          uniq_nergalle, uniq_erica
Lair:2:   layout_cave_shapes, nicolae_quartered_pool_little
Lair:3:   layout_cave_pods, palyth_hydra_swamp_entry, grunt_megastairs_3,
          serial_bayou_shore_b
Lair:4:   layout_regular_city, dummy_snake_entry, infiniplex_staircase_pool_2,
          lemuel_fruit_fields
Lair:5:   minmay_lair_venomous_thicket, layout_gridlike, slime_altar_1,
          grunt_forest_large_clearings, serial_bayou_shore_a
Lair:6:   hangedman_lair_tendril_chambers, layout_concentric_octagons,
          guppyfry_lair_end_dragon, uniq_snorg
Swamp:1:  layout_basic_swamp, evilmike_swamp_ruin_house_6, swamp_pool1,
          nicolae_swamp_rocky_clearing
Swamp:2:  layout_basic_swamp, evilmike_swamp_ruin_rubble_2, swamp_pool1,
          grunt_lady_of_the_lake, uniq_frances
Swamp:3:  layout_falls_marsh, evilmike_swamp_ruin_house_3, swamp_pool4,
          nicolae_swamp_no_escape
Orc:1:    layout_caves, uniq_fannar, uniq_erolcha
Orc:2:    kennysheep_orc_mage_school, layout_diamond_mine, lightli_orcish_oven

Skill      XL: |  1  2  3  4  5  6  7  8  9 10 11 12 13 14 15 |
---------------+----------------------------------------------+-----
Axes           | 4 5 6 7 9 11 13 15 17 19 21 22 | 22.8
Fighting       | 4 5 6 7 8 9 10 11 12 14 15 | 15.7
Dodging        | 3 4 5 6 7 8 9 10 11 | 11.7
Evocations     | 1 2 3 4 5 6 7 8 9 |  9.1
Stealth        | 1 2 |  2.5
Armour         | 3 4 5 7 8 9 11 12 13 | 13.5
Shields        | |  0.5

Action                   |  1- 3 |  4- 6 |  7- 9 | 10-12 | 13-15 | 16-18 || total
-------------------------+-------+-------+-------+-------+-------+-------++-------
Melee: Hand axe          |    70 |   178 |   226 |       |       |       ||   474
       Headbutt          |    13 |    25 |    54 |    60 |   185 |    15 ||   352
       Punch             |       |     1 |     4 |       |       |       ||     5
       War axe           |       |       |    27 |    10 |       |       ||    37
       Executioner's axe |       |       |       |   251 |   737 |    69 ||  1057
       Battleaxe         |       |       |       |    27 |       |       ||    27
Invok: Berserk           |     1 |       |     2 |     6 |    14 |     2 ||    25
Evoke: Wand              |       |       |       |     1 |     6 |     5 ||    12
  Use: Scroll            |       |       |       |    14 |    17 |       ||    31
       Potion            |       |       |       |     2 |       |     2 ||     4
 Stab: Sleeping          |       |     2 |       |       |       |       ||     2
       Distracted        |       |       |       |       |     2 |       ||     2
       Paralysed         |       |       |       |       |       |     1 ||     1
Armor: Animal skin       |    15 |     7 |       |       |       |       ||    22
       Ring mail         |       |    28 |       |       |       |       ||    28
       Chain mail        |       |    29 |   118 |     1 |       |       ||   148
       Plate armour      |       |       |       |   201 |   543 |   115 ||   859
Dodge: Dodged            |    55 |    91 |    97 |   220 |   685 |    71 ||  1219
Block: Other             |       |       |       |       |       |    35 ||    35
